 Dungeon Crawl Stone Soup version 0.27-a0-1273-gec92ba881d (webtiles) character file.

Game seed: 7172568774192065518

137715 karkarkar the Warrior (level 16, -7/155 HPs)
             Began as a Minotaur Berserker on June 10, 2021.
             Was a High Priest of Trog.
             Killed from afar by a will-o-the-wisp (10 damage)
             ... with a foxfire
             ... on level 1 of the Swamp on June 11, 2021.
             The game lasted 02:03:29 (29565 turns).

karkarkar the Warrior (Minotaur Berserker)         Turns: 29565, Time: 02:03:32

Health: -7/155     AC: 24    Str: 26    XL:     16   Next: 69%
Magic:  5/5        EV: 11    Int:  4    God:    Trog [*****.]
Gold:   2100       SH: 19    Dex: 13    Spells: 15/15 levels left

rFire    . . .     SeeInvis .   Z - +6 demon whip (antimagic)
rCold    + + +     Faith    .   q - +0 kite shield
rNeg     . . .     Spirit   .   W - +2 plate armour {rC+}
rPois    +         Reflect  +   (helmet restricted)
rElec    .         Harm     .   o - +2 cloak {rC+}
rCorr    .         Rampage  .   x - +2 pair of gloves
Will     ++...                  E - +0 pair of boots {Stlth+}
Stlth    ..........             M - amulet of reflection
HPRegen  0.35/turn              v - +4 ring of slaying
MPRegen  0.09/turn              R - ring of poison resistance

@: corroded
A: horns 2, retaliatory headbutt, cold resistance 1, strong-willed 1, MP-powered
wands
a: Renounce Religion, Berserk, Trog's Hand, Brothers in Arms


You were on level 1 of the Swamp.
You worshipped Trog.
Trog was extremely pleased with you.
You visited 4 branches of the dungeon, and saw 24 of its levels.
You also visited: Sewer and Ice Cave.

You collected 3225 gold pieces.
You spent 1125 gold pieces at shops.

Inventory:

Hand Weapons
 i - a +4 scimitar of flaming
 D - the +10 hand axe "Uheunej" {protect, *Corrode Int+7}
   (You took it off an orc on level 5 of the Dungeon)

   It grants its wielder temporary protection when it strikes (+7 to AC).
   It affects your intelligence (+7).
   It may corrode you when you take damage.
 Z - a +6 antimagic demon whip (weapon)
Missiles
 X - 7 curare-tipped darts
Armour
 o - a +2 cloak of cold resistance (worn)
 q - a +0 kite shield (worn)
 x - a +2 pair of gloves (worn)
 E - a +0 pair of boots of stealth (worn)
 N - +0 storm dragon scales
 W - a +2 plate armour of cold resistance (worn)
Jewellery
 b - a ring of resist corrosion
 m - a +6 ring of strength
 n - a ring of ice
 v - a +4 ring of slaying (left hand)
 z - a +4 ring of protection
 G - a ring of ice
 L - a ring of flight
 M - an amulet of reflection (around neck)
 R - a ring of poison resistance (right hand)
 Y - a ring of protection from fire
Wands
 j - a wand of acid (44)
 F - a wand of digging (4)
 Q - a wand of iceblast (43)
 T - a wand of flame (55) (quivered)
 U - a wand of paralysis (20)
 V - a wand of charming (16)
Scrolls
 a - 3 scrolls of magic mapping
 d - a scroll of enchant armour
 f - a scroll of fog
 k - 3 scrolls of holy word
 l - 8 scrolls of teleportation
 r - 3 scrolls of noise
 u - 4 scrolls of immolation
 y - a scroll of summoning
 A - a scroll of silence
 I - a scroll of blinking
 S - a scroll of fear {unknown}
Potions
 c - 6 potions of flight
 e - 6 potions of curing
 g - 2 potions of attraction
 p - 3 potions of heal wounds
 s - a potion of cancellation
 w - a potion of lignification
 B - 2 potions of mutation
 H - a potion of berserk rage {unknown}
 K - 5 potions of might
 O - a potion of resistance {unknown}
 P - 2 potions of haste
Miscellaneous
 C - a tin of tremorstones (2/2)
 J - a phial of floods


   Skills:
 + Level 17.2 Fighting
 - Level 1.0 Short Blades
 + Level 16.0(17.5) Axes
 - Level 12.8(16.0) Maces & Flails
 + Level 1.8 Throwing
 + Level 15.6 Armour
 + Level 8.2 Dodging
 + Level 2.6 Stealth
 - Level 15.0 Shields
 + Level 2.4 Evocations


You had 15 spell levels left.
You didn't know any spells.
Your spell library was empty.

Dungeon Overview and Level Annotations

Branches:
Dungeon (15/15)            Temple (0/1) D:7            Lair (6/6) D:9
  Swamp (1/4) Lair:4        Snake (0/4) Lair:4        Slime (0/5) Lair:6
    Orc (2/2) D:12            Elf (0/3) Orc:2        Vaults (0/5) D:14
 Depths (0/5) D:15          Sewer (visited)           IceCv (visited)

Altars:
Ashenzari
Dithmenos
Kikubaaqudgha
Makhleb
Qazlal
Ru
Sif Muna
Vehumet
Xom
Zin
Beogh

Shops:
D:1 =   D:4 [*[[   D:7 ?   D:10 =   Orc:2 [*?(

Annotations:
Lair:5 exclusion: oklob plant


Innate Abilities, Weirdness & Mutations

You have a pair of horns on your head.
You reflexively headbutt those who attack you in melee.
Your flesh is cold resistant. (rC+)
You are strong-willed. (Will+)
You expend magic power (3 MP) to strengthen your wands.


Message History

You block the goliath frog's attack. You block the goliath frog's attack.
You enter the shallow water.
Moving in this stuff is going to be slow.
You block the goliath frog's attack. x2
The goliath frog hits you but does no damage.
You enter the shallow water.
Moving in this stuff is going to be slow.
You block the goliath frog's attack. The goliath frog misses you.
The goliath frog hits you from afar.
You are splashed with acid!
You block the goliath frog's attack.
You see here a +0 quarterstaff.
The will-o-the-wisp gives a chilling moan.
The goliath frog hits you from afar!
You are splashed with acid!
You are too injured to fight recklessly!
You are too injured to fight recklessly!
You are too injured to fight recklessly!
You are too injured to fight recklessly!
The goliath frog hits you but does no damage.
The will-o-the-wisp blinks!
You block the goliath frog's attack.
The will-o-the-wisp gestures.
The will-o-the-wisp conjures some foxfire!
You block the goliath frog's attack. 2 foxfires come into view.
You see here a +0 quarterstaff.
You whack the goliath frog!
The goliath frog is severely wounded.
You closely miss the goliath frog. Your headbutt misses the goliath frog.
The goliath frog is severely wounded.
The goliath frog hits you!
* * * LOW HITPOINT WARNING * * *
The acid corrodes you!
You are splashed with acid!
* * * LOW HITPOINT WARNING * * *
You thrash the goliath frog!!
You kill the goliath frog!
Trog accepts your kill. The foxfire hits you!!
* * * LOW HITPOINT WARNING * * *
The foxfire hits you!
You die...

.♣ ≈≈≈§.≈≈≈≈♣.≈...≈≈≈§≈≈.♣≈≈.[..
♣? .≈≈§.♣♣≈≈≈≈§..≈≈≈≈≈≈≈≈......≈
.≈≈♣.§≈.≈≈≈≈.§≈≈≈≈≈≈≈≈..≈.≈§. ♣♣
≈......≈..≈..≈≈≈≈§§≈≈≈..≈.:≈. ≈≈
..≈..≈.≈≈.≈≈≈≈≈≈§§§≈≈≈≈≈...♣♣ ..
≈≈≈≈≈≈≈≈.≈.≈≈§§.v≈≈≈≈♣§♣♣♣ ≈≈
.≈...≈.≈§≈≈≈§§≈≈≈≈≈≈.♣♣♣
≈.≈≈≈).≈....≈≈≈≈.v§≈≈≈≈≈≈≈..♣♣
≈≈..≈≈♣≈♣.≈.≈♣≈≈@§≈§≈§≈≈≈≈≈≈≈♣
≈...≈≈≈♣..≈.≈≈.≈...≈≈≈...≈..♣♣♣
≈≈≈..≈≈≈..≈...≈≈....≈.[.......♣
≈....≈.≈≈≈≈≈♣♣≈≈.♣♣....≈........♣
≈..≈≈≈≈≈♣≈≈≈≈≈≈≈.♣♣♣≈.≈....♣♣§...
≈≈....≈≈≈≈.♣≈≈≈≈≈♣ ♣≈....≈≈≈♣♣♣≈♣
.†...)≈≈≈≈.....≈.♣ ♣♣.♣♣♣≈.♣♣ ♣♣
♣≈....≈§≈..≈≈)≈≈.♣ ♣♣♣ ♣♣♣♣
≈≈.≈†≈≈≈♣≈≈≈≈....♣


You could see a will-o-the-wisp.

Vanquished Creatures
  An Ice Fiend (IceCv)
  Kirke (D:15)
  A dire elephant (Lair:6)
  Nessos (Lair:5)
  Josephine (Lair:5)
  A great orb of eyes (D:15)
  3 vault guards (D:13)
  A rakshasa (D:15)
  24 hydras
  An ice dragon (Swamp:1)
  5 ogre magi
  5 boulder beetles
  5 centaur warriors
  4 catoblepae
  16 two-headed ogres
  An alligator (Swamp:1)
  10 death yaks
  2 tengu warriors (D:13)
  Sonja (Lair:1)
  5 skeletal warriors (D:14)
  A goliath frog (Swamp:1)
  A swamp dragon (Swamp:1)
  A bog body (Swamp:1)
  An orc knight (Orc:2)
  A wizard (D:15)
  Pikel (D:5)
  3 deep elf pyromancers
  An orc sorcerer (Orc:1)
  2 cyclopes
  A will-o-the-wisp (Swamp:1)
  A salamander (shapeshifter) (D:13)
  16 ugly things
  2 manticores (Lair:6)
  7 elephants
  A guardian serpent (Lair:4)
  4 black mambas
  A water nymph (shapeshifter) (D:15)
  A gargoyle (D:14)
  2 rime drakes
  12 cane toads
  3 yaktaurs (D:14)
  An efreet (D:13)
  9 komodo dragons
  2 golden dragon simulacra (IceCv)
  3 tengu conjurers
  4 anaconda simulacra (IceCv)
  5 freezing wraiths (IceCv)
  6 ice devils (IceCv)
  3 meliai (D:15)
  4 polar bears
  2 tyrant leeches (Swamp:1)
  A troll (shapeshifter) (D:15)
  4 hornets
  7 trolls
  Prince Ribbit (D:8)
  8 slime creatures
  25 blink frogs
  7 dream sheep
  3 spriggans
  7 wyverns
  A shadow (D:9)
  A vampire (D:13)
  49 yaks
  5 wraiths
  4 basilisks
  6 hogs (D:15)
  3 dire elephant simulacra (IceCv)
  4 vampire mosquitoes (D:14)
  A steam dragon (Lair:5)
  A death yak simulacrum (IceCv)
  4 harpy simulacra (IceCv)
  2 wargs (Orc:2)
  9 swamp worms
  3 iron troll simulacra (IceCv)
  3 acid dragons
  3 hydra simulacra (IceCv)
  6 water moccasins
  4 black bears
  12 orc warriors
  A swamp drake (Swamp:1)
  Purgy (Sewer)
  An ice beast (D:4)
  29 ogres
  28 wolves
  A phantom (D:5)
  10 centaurs
  3 kobold brigands
  10 bullfrogs
  2 scorpions
  A wyvern zombie (D:7)
  5 gnoll sergeants
  5 killer bees
  5 electric eels
  8 wights
  2 howler monkeys (D:8)
  4 crimson imps (D:4)
  2 centaur zombies
  2 draconian simulacra (IceCv)
  6 hounds
  A jelly (D:5)
  6 orc priests
  Terence (D:3)
  4 iguanas
  Natasha (thrice) (D:2)
  16 orc wizards
  6 hell rats (Lair:6)
  4 troll simulacra (IceCv)
  A spriggan simulacrum (IceCv)
  4 centaur simulacra (IceCv)
  A hound zombie (D:5)
  19 gnolls
  6 adders
  2 naga simulacra (IceCv)
  2 ogre simulacra (IceCv)
  8 white imps
  5 ufetubi (IceCv)
  An adder skeleton (D:4)
  A dart slug (D:2)
  A worm (D:4)
  55 orcs
  5 ball pythons
  8 endoplasms
  8 giant cockroaches
  9 goblins
  15 hobgoblins
  7 jackals
  2 quokkas (D:2)
  7 bats
  3 frilled lizards
  27 kobolds
  5 rats
744 creatures vanquished.

Vanquished Creatures (collateral kills)
  A vault guard (D:13)
  A two-headed ogre (Orc:2)
  15 death yaks (Lair:6)
  3 oklob plants (Lair:6)
  A cyclops (D:13)
  2 orc knights
  3 elephants (Lair:6)
  An ice statue (IceCv)
  11 dream sheep (Lair:6)
  4 yaks (Lair:6)
  A warg (Orc:2)
  2 orc warriors
  An ogre (Orc:2)
  A hound (D:9)
  An orc priest (Orc:2)
  An orc wizard (D:15)
  An orc (Orc:2)
50 creatures vanquished.

Vanquished Creatures (others)
  A bloated husk (Swamp:1)
  A bush (Lair:4)
  5 foxfires (Swamp:1)
  50 fungi
  89 plants
146 creatures vanquished.

Grand Total: 940 creatures vanquished

Notes
Turn   | Place    | Note
-------+----------+-------------------------------------------
     0 | D:1      | karkarkar the Minotaur Berserker began the quest for the
                  | Orb.
     0 | D:1      | Reached XP level 1. HP: 19/19 MP: 0/0
    67 | D:1      | Reached XP level 2. HP: 27/27 MP: 1/1
   186 | D:1      | Reached skill level 4 in Fighting
   313 | D:1      | Found Taheocy's Jewellery Shop.
   517 | D:1      | Reached ** piety under Trog
   518 | D:1      | Reached XP level 3. HP: 24/33 MP: 2/2
  1173 | D:2      | Noticed Natasha
  1179 | D:2      | Killed Natasha
  1180 | D:2      | Reached XP level 4. HP: 39/41 MP: 3/3
  1225 | D:2      | Reached skill level 5 in Axes
  1270 | D:2      | Noticed Natasha
  1288 | D:2      | Killed Natasha
  1458 | D:2      | Noticed Natasha
  1463 | D:2      | Killed Natasha
  1811 | D:3      | Reached XP level 5. HP: 47/47 MP: 4/4
  1998 | D:3      | Noticed Terence
  2007 | D:3      | Killed Terence
  2523 | D:4      | Found Zocuoxe's Armour Shoppe.
  2546 | D:4      | Found Hapuagy's Elemental Accessories.
  2610 | D:4      | Reached XP level 6. HP: 45/55 MP: 5/5
  2638 | D:4      | Reached skill level 5 in Fighting
  2643 | D:4      | Reached *** piety under Trog
  2981 | D:4      | Found a glowing drain.
  2986 | D:4      | Found Hivaeqir's Antique Armour Boutique.
  2995 | Sewer    | Entered a sewer
  3016 | Sewer    | Reached skill level 1 in Short Blades
  3163 | Sewer    | Noticed Purgy
  3176 | Sewer    | Killed Purgy
  3450 | D:4      | Noticed an ice beast
  3459 | D:4      | Killed an ice beast
  3484 | D:4      | Found a glowing silver altar of Zin.
  3490 | D:4      | Reached XP level 7. HP: 61/61 MP: 6/6
  3694 | D:4      | Found Fafeall's Antique Armour Boutique.
  3706 | D:4      | Found a shimmering altar of Xom.
  3775 | D:4      | Reached skill level 1 in Shields
  3962 | D:5      | Entered Level 5 of the Dungeon
  4023 | D:4      | Bought a pair of glowing gloves for 142 gold pieces
  4185 | D:5      | Noticed Pikel
  4187 | D:5      | Noticed a hornet
  4199 | D:5      | Killed Pikel
  4200 | D:5      | Reached skill level 5 in Armour
  4200 | D:5      | Reached XP level 8. HP: 70/70 MP: 7/7
  4202 | D:5      | Killed a hornet
  4203 | D:5      | Reached skill level 1 in Stealth
  4227 | D:5      | Reached skill level 6 in Fighting
  4349 | D:5      | Reached skill level 10 in Axes
  4573 | D:5      | Identified the +10 hand axe "Uheunej" {protect, *Corrode
                  | Int+7}
  4961 | D:5      | Identified a scroll of acquirement
  4962 | D:5      | Acquired a +1 vorpal broad axe
  5008 | D:6      | You fall into a shaft and drop 3 floors!
  5178 | D:8      | Reached XP level 9. HP: 77/78 MP: 8/8
  5374 | D:7      | Found Xumnaam's Magic Scroll Shop.
  5465 | D:7      | Reached **** piety under Trog
  5584 | D:7      | Found an ancient bone altar of Kikubaaqudgha.
  5710 | D:7      | Found a staircase to the Ecumenical Temple.
  6399 | D:7      | Bought a scroll of identify for 26 gold pieces
  6402 | D:7      | Gained mutation: Your flesh is cold resistant. (rC+)
                  | [potion of mutation]
  6402 | D:7      | Gained mutation: You expend magic power (3 MP) to
                  | strengthen your wands. [potion of mutation]
  6402 | D:7      | Gained mutation: You are strong-willed. (Will+) [potion of
                  | mutation]
  6576 | D:8      | Reached skill level 5 in Shields
  6713 | D:8      | Noticed Prince Ribbit
  6721 | D:8      | Killed Prince Ribbit
  6886 | D:8      | Reached skill level 7 in Fighting
  6898 | D:8      | Reached XP level 10. HP: 86/86 MP: 9/9
  7006 | D:8      | Found a broken altar of Ashenzari.
  7319 | D:9      | Found a staircase to the Lair.
  7607 | D:9      | Reached ***** piety under Trog
  7729 | D:9      | Found a stormy altar of Qazlal.
  7729 | D:9      | Found a sacrificial altar of Ru.
  7736 | D:9      | Found a faded altar of an unknown god.
  7738 | D:9      | Found a burning altar of Makhleb.
  7740 | D:9      | Found a radiant altar of Vehumet.
  7959 | D:10     | Entered Level 10 of the Dungeon
  7972 | D:9      | Reached skill level 8 in Fighting
  8016 | D:10     | Reached XP level 11. HP: 91/94 MP: 10/10
  8377 | D:10     | Found Enarch's Jewellery Shoppe.
  8891 | D:11     | Noticed a brown ugly thing
  8899 | D:11     | Killed a brown ugly thing
  8990 | D:11     | Reached skill level 15 in Axes
  9104 | D:11     | Noticed a seven-headed hydra
  9116 | D:11     | Killed a seven-headed hydra
  9595 | D:11     | Reached skill level 1 in Evocations
  9909 | D:12     | Reached skill level 9 in Fighting
 10014 | D:12     | Noticed a six-headed hydra
 10027 | D:12     | Killed a six-headed hydra
 10270 | D:12     | Noticed a cyan ugly thing
 10279 | D:12     | Killed a cyan ugly thing
 10280 | D:12     | Reached skill level 1 in Maces & Flails
 10314 | D:12     | Noticed a brown ugly thing
 10324 | D:12     | Killed a brown ugly thing
 10358 | D:12     | Found a staircase to the Orcish Mines.
 10551 | Orc:1    | Entered Level 1 of the Orcish Mines
 10640 | Orc:1    | Noticed an orc sorcerer
 10654 | Orc:1    | Killed an orc sorcerer
 10769 | Orc:2    | Entered Level 2 of the Orcish Mines
 10783 | Orc:2    | Noticed an orc knight
 10800 | Orc:2    | Killed an orc knight
 10803 | Orc:2    | Reached XP level 12. HP: 58/105 MP: 11/11
 10826 | Orc:2    | Reached skill level 10 in Shields
 10951 | Orc:2    | Found a staircase to the Elven Halls.
 11177 | Orc:2    | Noticed a two-headed ogre
 11180 | Orc:2    | Noticed a two-headed ogre
 11185 | Orc:2    | Noticed a two-headed ogre
 11187 | Orc:2    | Noticed a two-headed ogre
 11189 | Orc:2    | Noticed a two-headed ogre
 11191 | Orc:2    | Killed a two-headed ogre
 11191 | Orc:2    | Killed a two-headed ogre
 11191 | Orc:2    | Noticed a two-headed ogre
 11195 | Orc:2    | Noticed a two-headed ogre
 11197 | Orc:2    | Killed a two-headed ogre
 11197 | Orc:2    | Noticed an ogre mage
 11199 | Orc:2    | Noticed a two-headed ogre
 11201 | Orc:2    | Noticed an ogre mage
 11204 | Orc:2    | Noticed an ogre mage
 11205 | Orc:2    | Killed a two-headed ogre
 11249 | Orc:2    | Killed an ogre mage
 11325 | Orc:2    | Killed a two-headed ogre
 11326 | Orc:2    | Reached skill level 10 in Fighting
 11330 | Orc:2    | Killed a two-headed ogre
 11331 | Orc:2    | Reached skill level 5 in Maces & Flails
 11331 | Orc:2    | Reached skill level 10 in Armour
 11376 | Orc:2    | Noticed a two-headed ogre
 11386 | Orc:2    | Killed a two-headed ogre
 11437 | Orc:2    | Noticed a two-headed ogre
 11450 | Orc:1    | Killed a two-headed ogre
 11451 | Orc:1    | Killed an ogre mage
 11606 | Orc:2    | Killed a two-headed ogre
 11608 | Orc:2    | Noticed an ogre mage
 11623 | Orc:2    | Killed an ogre mage
 11750 | Orc:2    | Noticed a two-headed ogre
 11760 | Orc:2    | Killed a two-headed ogre
 11770 | Orc:2    | Killed an ogre mage
 12081 | Orc:2    | Found Viakyo's Antique Weapon Shoppe.
 12081 | Orc:2    | Found Falogh's Magic Scroll Shop.
 12082 | Orc:2    | Found Yjey's Assorted Antiques.
 12082 | Orc:2    | Found Girren's Antique Armour Emporium.
 12116 | Orc:2    | Killed a two-headed ogre
 12117 | Orc:2    | Reached skill level 11 in Fighting
 12117 | Orc:2    | Reached XP level 13. HP: 116/116 MP: 12/12
 12141 | Orc:2    | Bought a runed plate armour for 702 gold pieces
 12536 | Orc:2    | Found a shimmering blue altar of Sif Muna.
 12575 | Orc:2    | Identified Sif Muna's Catalogue of the Snowflakes
 12667 | Orc:2    | Upgraded the game from 0.27-a0-1256-gced786f65e to
                  | 0.27-a0-1273-gec92ba881d
 12668 | Orc:2    | Bought a pair of glowing gloves for 255 gold pieces
 12820 | Lair:1   | Entered Level 1 of the Lair of Beasts
 12856 | Lair:1   | Noticed Sonja
 12866 | Lair:1   | Killed Sonja
 13939 | Lair:2   | Reached skill level 5 in Dodging
 14901 | Lair:1   | Received a gift from Trog
 15206 | Lair:2   | Reached skill level 12 in Fighting
 15400 | Lair:2   | Identified the +6 rapier of Equilibrium {venom, rC- Will+++
                  | rCorr Int+4}
 15651 | Lair:3   | Acquired 882 gold pieces
 16125 | Lair:3   | Reached XP level 14. HP: 126/126 MP: 4/13
 16266 | Lair:3   | Reached skill level 10 in Maces & Flails
 17483 | Lair:4   | Found a staircase to the Snake Pit.
 18205 | Lair:4   | Found a staircase to the Swamp.
 19077 | Lair:5   | Noticed Nessos
 19085 | Lair:5   | Killed Nessos
 19086 | Lair:5   | Noticed Josephine
 19095 | Lair:5   | Killed Josephine
 20147 | Lair:6   | Entered Level 6 of the Lair of Beasts
 21009 | Lair:6   | Reached XP level 15. HP: 82/134 MP: 4/14
 21287 | Lair:6   | Reached skill level 13 in Fighting
 21304 | Lair:6   | Received a gift from Trog
 22044 | Lair:6   | Reached skill level 15 in Shields
 22818 | Lair:6   | Found a staircase to the Slime Pits.
 22835 | Lair:6   | Reached skill level 1 in Throwing
 23649 | D:13     | Found a shadowy altar of Dithmenos.
 23788 | D:13     | Reached skill level 14 in Fighting
 25126 | D:14     | Found a gate to the Vaults.
 25599 | D:13     | Reached skill level 15 in Fighting
 26069 | D:14     | Received a gift from Trog
 26179 | D:15     | Entered Level 15 of the Dungeon
 26386 | D:15     | Reached XP level 16. HP: 132/149 MP: 5/15
 26772 | D:15     | Found a gate leading to a gauntlet.
 26885 | D:15     | Noticed Kirke
 26893 | D:15     | Killed Kirke
 27064 | D:15     | Reached skill level 15 in Armour
 27138 | D:15     | Reached skill level 16 in Fighting
 27158 | D:15     | Found a staircase to the Depths.
 27710 | Swamp:1  | Entered Level 1 of the Swamp
 27965 | Swamp:1  | Received a gift from Trog
 27994 | Swamp:1  | Found a frozen archway.
 28009 | IceCv    | Entered an ice cave
 29037 | IceCv    | Noticed an Ice Fiend
 29292 | IceCv    | Reached skill level 17 in Fighting
 29314 | IceCv    | Killed an Ice Fiend
 29364 | IceCv    | Identified the Volume of the Glacier and Heat
 29565 | Swamp:1  | HP: 3/155 [will-o-the-wisp/foxfire (24)]
 29565 | Swamp:1  | Killed from afar by a will-o-the-wisp

Illustrated notes

Levels and vault maps discovered:
D:1:      dpeg_arrival_tiny_a, layout_rooms, serial_shops, shop, minmay_domino_2
D:2:      layout_rooms, minmay_tiny_reverse_x, uniq_natasha
D:3:      layout_rooms, uniq_terence
D:4:      layout_basic, led_xom_imps, lemuel_doored_altar, serial_shops, shop,
          nicolae_shop_temple_entry_statues_fountains, shop,
          cheibrodos_sewer_entry_drain, nicolae_elemental_shop
D:5:      layout_rooms, st_stairs_12, grunt_ministairs_13, grunt_decor_fettered,
          chequers_serial_rivers_micro_d, uniq_pikel
D:6:      layout_loops_ring, old_standard_altar, roderic_roman_lattice,
          uniq_grinder
D:7:      kennysheep_housing_project, layout_gridville, marbit_many_paths,
          minmay_temple_entry_trees, serial_shops, nicolae_shop_crystal,
          nicolae_ossuary_entry_ruins
D:8:      layout_basic, nicolae_ashenzari_panopticon, serial_bayou_lake_a,
          uniq_prince_ribbit1
D:9:      layout_cave_pools, chequers_temple_overflow_minitemple,
          erik_lair_island, chequers_serial_rivers_micro_b
D:10:     layout_cross, serial_shops, kennysheep_mini
D:11:     layout_basic
D:12:     layout_rooms, minmay_orc_entry_temple_small, due_unseen_surprise
D:13:     layout_basic, nicolae_dithmenos_shadow_blocks
D:14:     layout_irregular_city, lightli_vaults_fourway_checkpoint,
          minmay_misc_feat_ornament
D:15:     gammafunk_enter_depths_forms, layout_rooms, gauntlet_entry_generic,
          hangedman_decor_opposing, hex_large, uniq_kirke
Lair:1:   layout_cave_shapes, uniq_sonja
Lair:2:   layout_long_grid, grunt_forest_large_clearing_hut,
          serial_bayou_shore_a
Lair:3:   layout_chaotic_city, guppyfry_lair_drakes
Lair:4:   layout_loops_ring, palyth_hydra_swamp_entry,
          minmay_snake_entry_spellcaster, grunt_megastairs_2
Lair:5:   layout_small_grid, minmay_lair_oklob_bushes, grunt_megastairs_1,
          uniq_josephine, uniq_nessos
Lair:6:   evilmike_catoblepas_cave, layout_cave_pods,
          minmay_slime_entry_oklob_enclosed, st_stairs_6
Swamp:1:  layout_falls_marsh, portal_ice_cave_entry_dragon,
          nicolae_swamp_ascending_descending_big, infiniplex_staircase_pool_2
Orc:1:    layout_caves
Orc:2:    st_orc_ogre_mass, layout_diamond_mine, led_sif_book

Skill      XL: |  1  2  3  4  5  6  7  8  9 10 11 12 13 14 15 16 |
---------------+-------------------------------------------------+-----
Axes           | 4 5 6 7 9 10 12 14 15 16 | 16.0
Fighting       | 4 5 6 7 8 9 11 12 15 17 | 17.2
Armour         | 3 4 5 6 7 9 10 12 14 15 | 15.6
Dodging        | 3 4 5 6 7 8 |  8.2
Short Blades   | 1 |  1.0
Shields        | 2 3 5 7 9 11 12 14 15 | 15.0
Stealth        | 1 2 |  2.6
Evocations     | 2 |  2.4
Maces & Flails | 2 6 9 12 | 12.8
Throwing       | 1 |  1.8

Action                   |  1- 3 |  4- 6 |  7- 9 | 10-12 | 13-15 | 16-18 || total
-------------------------+-------+-------+-------+-------+-------+-------++-------
Melee: Hand axe          |    65 |    59 |   142 |   343 |   164 |       ||   773
       Headbutt          |     7 |    29 |    39 |    86 |   320 |   150 ||   631
       War axe           |       |    85 |    84 |       |       |       ||   169
       Short sword       |       |    15 |       |       |       |       ||    15
       Whip              |       |       |       |    15 |       |       ||    15
       Morningstar       |       |       |       |     5 |       |       ||     5
       Demon whip        |       |       |       |       |   892 |   444 ||  1336
       Mace              |       |       |       |       |    54 |       ||    54
Throw: Dart              |       |       |       |       |     8 |       ||     8
Invok: Berserk           |     2 |     5 |     3 |     4 |       |       ||    14
       Trog's Hand       |       |     2 |     6 |    12 |     9 |     4 ||    33
       Brothers in Arms  |       |       |       |     4 |     7 |     2 ||    13
Evoke: Wand              |       |       |       |     2 |    15 |     4 ||    21
  Use: Potion            |     2 |       |     3 |     2 |     4 |     3 ||    14
       Scroll            |       |     2 |     6 |     7 |    11 |     3 ||    29
 Stab: Distracted        |       |       |       |       |     1 |       ||     1
Armor: Animal skin       |     8 |       |       |       |       |       ||     8
       Leather armour    |     6 |       |       |       |       |       ||     6
       Scale mail        |       |    88 |    29 |       |       |       ||   117
       Plate armour      |       |       |    65 |       |       |    89 ||   154
       Storm dragon scal |       |       |       |   111 |   398 |    35 ||   544
Dodge: Dodged            |    35 |    76 |    92 |    89 |   256 |    92 ||   640
Block: Kite shield       |       |    22 |   130 |   272 |   789 |   279 ||  1492
       Reflection        |       |       |     6 |    12 |    36 |     9 ||    63

Table legend: (Time is in decaauts)
 A = Elapsed time spent in this place.
 B = Non-inter-level travel time spent in this place.
 C = Inter-level travel time spent in this place.
 D = Time resting spent in this place.
 E = Time spent auto-exploring this place.
 F = Levels seen in this place.
 G = Mean time per level.
                   A        B        C        D        E       F      G
               +--------+--------+--------+--------+--------+-----+--------+
         Total |  29070 |  28049 |   1021 |   3644 |  16269 |  26 | 1118.1 |
       Dungeon |  14567 |  14117 |    450 |   1176 |   8797 |  15 |  971.1 |
          Lair |  10320 |   9804 |    516 |   2023 |   5258 |   6 | 1720.0 |
         Swamp |    455 |    454 |      1 |     74 |    150 |   1 |  455.0 |
  Orcish Mines |   2108 |   2056 |     52 |    371 |   1072 |   2 | 1054.0 |
         Sewer |    349 |    349 |      0 |      0 |    212 |   1 |  349.0 |
      Ice Cave |   1269 |   1269 |      0 |      0 |    779 |   1 | 1269.0 |
               +--------+--------+--------+--------+--------+-----+--------+

Top non-repeatable levels by time:
  Lair:6: 2864 daAuts
   Orc:2: 1741 daAuts
  Lair:4: 1717 daAuts
  Lair:5: 1551 daAuts
  Lair:1: 1528 daAuts
    D:14: 1383 daAuts
  Lair:2: 1337 daAuts
  Lair:3: 1321 daAuts
     D:4: 1321 daAuts
   IceCv: 1269 daAuts
    D:13: 1214 daAuts
    D:15: 1213 daAuts
     D:8: 1204 daAuts
     D:7: 1058 daAuts
     D:2: 1001 daAuts
